 Dungeon Crawl Stone Soup version 0.28-a0-724-g66f9036eb4 (webtiles) character file.

Game seed: 5524699104927361819

9 Ijustatesigmund the Covert (level 2, -2/29 HPs)
             Began as a Gnoll Delver on Oct 27, 2021.
             Succumbed to an adder's poison
             ... on level 6 of the Dungeon.
             The game lasted 00:01:06 (100 turns).

Ijustatesigmund the Covert (Gnoll Delver)            Turns: 100, Time: 00:01:07

Health: -2/29      AC:  3    Str: 11    XL:     2   Next: 12%
Magic:  2/2        EV: 13    Int:  9    God:
Gold:   6          SH:  0    Dex: 13    Spells: 1/1 levels left

rFire   . . .      SeeInvis .   a - +0 hand axe
rCold   . . .      Faith    .   (no shield)
rNeg    . . .      Spirit   .   b - +0 leather armour
rPois   .          Reflect  .   (no helmet)
rElec   .          Harm     .   (no cloak)
rCorr   .          Rampage  .   (no gloves)
Will    .....                   (no boots)
Stlth   ++++......              (no amulet)
HPRegen 0.09/turn               (no ring)
MPRegen 0.08/turn               (no ring)

@: lethally poisoned (-2 -> -16)
A: fangs 1, strong nose, distributed training
a: no special abilities


You were on level 6 of the Dungeon.
You visited 1 branch of the dungeon, and saw 2 of its levels.

You collected 6 gold pieces.

Inventory:

Hand Weapons
 a - a +0 hand axe (weapon)
Armour
 b - a +0 leather armour (worn)
 h - the +1 robe "Qiawa" {*Slow rElec rC+ rCorr}
   (You found it on level 5 of the Dungeon)

   rC:        It protects you from cold.
   rElec:     It insulates you from electricity.
   rCorr:     It protects you from acid and corrosion.
   *Slow:     It may slow you when you take damage.
Wands
 g - a wand of digging (3)
Scrolls
 c - a scroll of fog
 d - a scroll of magic mapping
 e - a scroll of fear
Potions
 f - a potion of haste


   Skills:
 + Level 6.4 Fighting
 + Level 0.3 Short Blades
 + Level 0.3 Long Blades
 + Level 4.4 Axes
 + Level 0.3 Maces & Flails
 + Level 0.3 Polearms
 + Level 0.3 Staves
 + Level 0.3 Slings
 + Level 0.3 Bows
 + Level 0.3 Crossbows
 + Level 0.3 Throwing
 + Level 0.3 Armour
 + Level 4.4 Dodging
 + Level 9.5 Stealth
 + Level 0.3 Shields
 + Level 0.3 Unarmed Combat
 + Level 0.3 Spellcasting
 + Level 0.2 Conjurations
 + Level 0.2 Hexes
 + Level 0.2 Summonings
 + Level 0.2 Necromancy
 + Level 0.2 Translocations
 + Level 0.2 Transmutations
 + Level 0.2 Fire Magic
 + Level 0.2 Ice Magic
 + Level 0.2 Air Magic
 + Level 0.2 Earth Magic
 + Level 0.2 Poison Magic
 + Level 0.4 Invocations
 + Level 0.3 Evocations


You had one spell level left.
You didn't know any spells.
Your spell library was empty.

Dungeon Overview and Level Annotations

Branches:
Dungeon (6/15)
 Temple: D:4-7

Altars:


Innate Abilities, Weirdness & Mutations

You have very sharp teeth.
Your uncanny sense of smell can sniff out nearby items.
Your experience applies equally to all skills.


Message History

The adder is moderately wounded.
You hit the adder.
You feel sick. The adder barely misses you. x2
The adder closely misses you.
You hit the adder but do no damage. You bite the adder, but do no damage.
The adder is almost dead.
You hit the adder.
You feel sick. The adder misses you. The adder bites you.
The adder barely misses you.
You closely miss the adder.
The adder is almost dead.
You barely miss the adder.
You feel sick. The adder completely misses you. x2
The adder barely misses you.
You miss the adder.
The adder is almost dead.
You barely miss the adder.
You feel sick.
You are no longer poisoned.
The adder closely misses you. The adder bites you.
You hit the adder.
You kill the adder!
You closely miss the adder. The adder barely misses you. The adder bites you.
You are poisoned.
The adder poisons you!
You have reached level 2!
You miss the adder.
The adder is almost dead.
You feel sick. The adder bites you.
* * * LOW HITPOINT WARNING * * *
You are lethally poisoned!
The adder poisons you!
You hit the adder but do no damage.
The adder is almost dead.
* * * LOW HITPOINT WARNING * * *
You feel sick. The adder bites you.
* * * LOW HITPOINT WARNING * * *
You are more poisoned.
The adder poisons you! The adder bites you.
* * * LOW HITPOINT WARNING * * *
Okay, then.
You closely miss the adder.
The adder is almost dead.
You die...

. ∆ ).... ..
..... .. ....
#. ###+###...
###.. #.......#
......#.......#
......S@......#
#######†....<.#
#####....#
#....# #....#
#....+ #....#
...... .......


You could see an adder.

Vanquished Creatures
  An adder (D:6)
1 creature vanquished.

Notes
Turn   | Place    | Note
-------+----------+-------------------------------------------
     0 | D:5      | Reached skill level 9 in Stealth
     0 | D:5      | Ijustatesigmund the Gnoll Delver began the quest for the
                  | Orb.
     0 | D:5      | Reached XP level 1. HP: 23/23 MP: 1/1
    12 | D:5      | Noticed a centaur
    43 | D:5      | Identified the +1 robe "Qiawa" {*Slow rElec rC+ rCorr}
    49 | D:5      | Noticed an ogre
    98 | D:6      | Reached XP level 2. HP: 9/29 MP: 2/2
   100 | D:6      | Succumbed to an adder's poison

Illustrated notes

Levels and vault maps discovered:
D:5:      layout_rooms, gammafunk_temple_overflow_pools, marbit_many_paths,
          serial_shops, nicolae_shop_temple_entry_statues_fountains,
          nicolae_stop_n_shop_1, shop, st_stairs_14, minmay_misc_feat_cross
D:6:      layout_gridville

Skill      XL: | |
---------------+-+-----
Stealth        | |  9.5
Fighting       | |  6.4
Short Blades   | |  0.3
Long Blades    | |  0.3
Axes           | |  4.4
Maces & Flails | |  0.3
Polearms       | |  0.3
Staves         | |  0.3
Slings         | |  0.3
Bows           | |  0.3
Crossbows      | |  0.3
Throwing       | |  0.3
Armour         | |  0.3
Dodging        | |  4.4
Shields        | |  0.3
Unarmed Combat | |  0.3
Spellcasting   | |  0.3
Conjurations   | |  0.2
Hexes          | |  0.2
Summonings     | |  0.2
Necromancy     | |  0.2
Translocations | |  0.2
Transmutations | |  0.2
Fire Magic     | |  0.2
Ice Magic      | |  0.2
Air Magic      | |  0.2
Earth Magic    | |  0.2
Poison Magic   | |  0.2
Invocations    | |  0.4
Evocations     | |  0.3

Action                   || total
-------------------------++-------
Melee: Hand axe          ||    11
       Bite              ||     1
Armor: Leather armour    ||     1
Dodge: Dodged            ||    12

Table legend: (Time is in decaauts)
 A = Elapsed time spent in this place.
 B = Non-inter-level travel time spent in this place.
 C = Inter-level travel time spent in this place.
 D = Time resting spent in this place.
 E = Time spent auto-exploring this place.
 F = Levels seen in this place.
 G = Mean time per level.
                   A        B        C        D        E       F      G
               +--------+--------+--------+--------+--------+-----+--------+
         Total |    100 |    100 |      0 |      0 |     10 |   2 |   50.0 |
       Dungeon |    100 |    100 |      0 |      0 |     10 |   2 |   50.0 |
               +--------+--------+--------+--------+--------+-----+--------+

Top non-repeatable levels by time:
     D:5: 77 daAuts
     D:6: 23 daAuts
